 Dungeon Crawl Stone Soup version 0.16-a0-357-g0c033bd (webtiles) character file.

22 PolkaDot the Caller (level 2, 0/19 HPs)
             Began as a Vampire Summoner on Sept 10, 2014.
             Slain by a goblin
             ... wielding a +1 dagger of protection
              (1 damage)
             ... on Level 2 of the Dungeon.
             The game lasted 00:02:29 (1175 turns).

PolkaDot the Caller (Vampire Summoner)              Turns: 1175, Time: 00:02:29

HP   0/19        AC  2     Str  7      XL: 2   Next: 68%
MP   4/4         EV 12     Int 17      God:
Gold 67          SH  0     Dex 14      Spells:  2 memorised,  2 levels left

rFire  . . .     SeeInvis +     e - +0 club
rCold  + . .     Clarity  .     a - +0 robe
rNeg   . . .     rCorr    .     (no shield)
rPois  .         rRot     .     (no helmet)
rElec  .         Spirit   .     (no cloak)
SustAb .         Warding  .     (no gloves)
rMut   .         Stasis   .     (no boots)
Gourm  .                        (no amulet)
MR     .....                    (no ring)
                                c - ring of protection from cold

@: regenerating quickly, not resistant to hostile enchantments, unstealthy
A: fangs 3, see invisible, unbreathing
a: no special abilities


You were on level 2 of the Dungeon.
You were very full.

You visited 1 branch of the dungeon, and saw 2 of its levels.

You collected 67 gold pieces.

Inventory:

Hand weapons
 e - a +0 club (weapon)
Armour
 a - a +0 robe (worn)
Scrolls
 f - 2 scrolls of teleportation {unknown}
 h - a scroll of remove curse {unknown}
 i - a scroll of noise {unknown}
 j - a scroll of immolation {unknown}
 l - a scroll of fog {unknown}
Jewellery
 c - a ring of protection from cold (left hand)
 g - an uncursed ring of sustain abilities {unknown}
 k - an uncursed amulet of stasis {unknown}
Potions
 d - 3 potions of heal wounds {unknown}
Books
 b - a book of Callings

   Spells                             Type                      Level
   *Summon Small Mammal               Summoning                    1
   *Call Imp                          Summoning                    2
   Call Canine Familiar               Summoning                    3
   Summon Guardian Golem              Hexes/Summoning              4
   Summon Lightning Spire             Summoning/Air                4
   Summon Ice Beast                   Ice/Summoning                4


   Skills:
 - Level 2.1 Dodging
 - Level 3.0 Stealth
 - Level 2.0 Spellcasting
 * Level 4.8 Summonings


You had 2 spell levels left.
You knew the following spells:

 Your Spells              Type           Power        Failure   Level  Hunger
a - Summon Small Mammal   Summ           ###.         2%          1    #......
s - Call Imp              Summ           ###.....     4%          2    ###....


Dungeon Overview and Level Annotations

Branches:
Dungeon (2/15)

Altars:


Innate Abilities, Weirdness & Mutations

Your natural rate of healing is unusually fast.
You have razor-sharp teeth.
You have supernaturally acute eyesight.
You can survive without breathing.


Message History

You barely miss the goblin. Your bite misses the goblin.
The goblin is moderately wounded.
Your crimson imp disappears in a puff of smoke!
The goblin barely misses you. x2
You hit the goblin but do no damage.
The goblin is moderately wounded.
The goblin hits you with an uncursed runed dagger.
* * * LOW HITPOINT WARNING * * *
You hit the goblin but do no damage.
The goblin is moderately wounded.
The goblin misses you.
You hit the goblin. Your bite misses the goblin.
The goblin is almost dead.
The goblin completely misses you.
You closely miss the goblin.
The goblin is almost dead.
The goblin hits you with an uncursed runed dagger.
* * * LOW HITPOINT WARNING * * *
The goblin hits you with an uncursed runed dagger.
You die...

. #.# .#.#.# ..#.#
###.#.# .#.#...#
#.⌠.#..###.
#..g..#.# ##.
##.#(@.#.# ##.⌠
##.#......#####
##.#.##.........#...
....#..!..(.......#
.........(........#
..........###.....##
#........## #..<..#
#####%...######...#
##....##.).....#


You could see a goblin.

Vanquished Creatures
  A giant gecko (D:2)
  An ooze (D:1)
  2 bats (D:1)
  4 goblins
  3 hobgoblins
  2 giant newts (D:2)
  A jackal (D:1)
  2 rats (D:1)
16 creatures vanquished.

Vanquished Creatures (collateral kills)
  A giant cockroach (D:1)
  A goblin (D:1)
  A hobgoblin (D:1)
  2 jackals (D:1)
  A kobold (D:1)
6 creatures vanquished.

Grand Total: 22 creatures vanquished

Notes
Turn   | Place    | Note
--------------------------------------------------------------
     0 | D:1      | PolkaDot, the Vampire Summoner, began the quest for the Orb.
     0 | D:1      | Reached XP level 1. HP: 13/13 MP: 3/3
   618 | D:1      | Reached XP level 2. HP: 17/19 MP: 4/4
  1090 | D:1      | Learned a level 2 spell: Call Imp
  1175 | D:2      | Slain by a goblin

Action                   || total
-------------------------++-------
Melee: Unarmed           ||    26
       Club              ||    55
 Cast: Summon Small Mamm ||     8
       Call Imp          ||     2
  Use: Potion            ||     1
 Stab: Sleeping          ||     1
  Eat: Corpse            ||    10
